 Dungeon Crawl Stone Soup version 0.29-a0-330-g52719c12eb (webtiles) character file.

Game seed: 15836081847196321959

726 sanka the Insei (level 7, -1/60 HPs)
             Began as a Gnoll Monk on Apr 22, 2022.
             Slain by a gnoll
             ... wielding a +0 spear
              (3 damage)
             ... on level 5 of the Dungeon.
             The game lasted 00:07:02 (4925 turns).

sanka the Insei (Gnoll Monk)                        Turns: 4925, Time: 00:07:02

Health: -1/60      AC:  2    Str: 10    XL:     7   Next: 72%
Magic:  11/11      EV: 15    Int: 12    God:
Gold:   267        SH:  0    Dex: 14    Spells: 9/11 levels left

rFire   . . .      SeeInvis .   a - +2 long sword (freeze)
rCold   . . .      Faith    .   (no shield)
rNeg    . . .      Spirit   .   d - +0 robe
rPois   .          Reflect  .   (no helmet)
rElec   .          Harm     .   (no cloak)
rCorr   .          Rampage  .   (no gloves)
Will    .....                   (no boots)
Stlth   +.........              (no amulet)
HPRegen 0.20/turn               (no ring)
MPRegen 0.12/turn               n - ring of wizardry

@: confused, ambrosia-drunk
A: fangs 1, strong nose, distributed training
a: no special abilities


You were on level 5 of the Dungeon.
You visited 1 branch of the dungeon, and saw 5 of its levels.

You collected 267 gold pieces.


Innate Abilities, Weirdness & Mutations

You have very sharp teeth.
Your uncanny sense of smell can sniff out nearby items.
Your experience applies equally to all skills.


   Skills:
 + Level 7.1 Fighting
 + Level 2.6 Short Blades
 + Level 2.6 Long Blades
 + Level 2.6 Axes
 + Level 2.6 Maces & Flails
 + Level 2.6 Polearms
 + Level 2.6 Staves
 + Level 2.6 Slings
 + Level 2.6 Bows
 + Level 2.6 Crossbows
 + Level 2.6 Throwing
 + Level 2.6 Armour
 + Level 7.1 Dodging
 + Level 5.0 Stealth
 + Level 2.6 Shields
 + Level 7.1 Unarmed Combat
 + Level 2.6 Spellcasting
 + Level 2.1 Conjurations
 + Level 2.1 Hexes
 + Level 2.1 Summonings
 + Level 2.1 Necromancy
 + Level 2.1 Translocations
 + Level 2.1 Transmutations
 + Level 2.1 Fire Magic
 + Level 2.1 Ice Magic
 + Level 2.1 Air Magic
 + Level 2.1 Earth Magic
 + Level 2.1 Poison Magic
 + Level 3.0 Invocations
 + Level 2.6 Evocations


You had 9 spell levels left.
You knew the following spells:

 Your Spells              Type           Power      Damage    Failure   Level
y - Poisonous Vapours     Pois/Air       12%        N/A       6%          2

Your spell library contained the following spells:

 Spells                   Type           Power      Damage    Failure   Level
 Sting                    Tmut/Pois      24%        1d4       4%          1
 Inner Flame              Hex/Fire       6%         N/A       12%         3
 Ozocubu's Armour         Ice            6%         N/A       12%         3
 Cause Fear               Hex            3%         N/A       38%         4
 Olgreb's Toxic Radiance  Pois           6%         N/A       38%         4
 Ozocubu's Refrigeration  Ice            3%         4d5       100%        7
 Discord                  Hex            3%         N/A       100%        8

Inventory:

Hand Weapons
 a - a +2 long sword of freezing (weapon)
 b - a +3 dagger
Missiles
 q - 3 boomerangs (quivered)
 r - 2 poisoned darts
Armour
 d - a +0 robe (worn)
 h - a +0 buckler
 o - a +0 crystal plate armour
Magical Staves
 u - a staff of poison
Jewellery
 n - a ring of wizardry (right hand)
 w - a ring of see invisible
Wands
 t - a wand of iceblast (9)
 x - a wand of acid (11)
Scrolls
 c - 3 scrolls of noise {unknown}
 f - 2 scrolls of identify {unknown}
 i - a scroll of enchant armour {unknown}
 j - 2 scrolls of teleportation {unknown}
 k - a scroll of holy word {unknown}
 l - a scroll of immolation {unknown}
 s - a scroll of fear {unknown}
Potions
 e - 2 potions of lignification {unknown}
 g - a potion of resistance {unknown}
 m - 2 potions of invisibility {unknown}
 v - a potion of flight {unknown}

Dungeon Overview and Level Annotations

Branches:
Dungeon (5/15)
 Temple: D:4-7

Altars:

Annotations:
D:4 3 runed translucent doors, Ajdolov's ghost, amateur TeHu

......▒ ▒▒..▒▒▒▒▒.....▒ ..
▒.....▒▒▒..▒▒ ▒▒....▒ .
▒......▒.g.▒ ▒▒....▒ ▒.........▒▒
▒▒.....▒▒ ▒.........▒
▒▒▒.......▒▒▒
▒.........▒▒▒▒...........▒▒▒....
.........g▒......................
................g........▒.......
▒▒▒▒▒▒▒......)ggg.......▒▒ ......
▒▒▒.............g▒▒▒▒▒..▒▒▒......
..............▒▒▒▒ ▒▒..........
............▒▒▒ ▒..........
▒▒..........▒ ▒▒.........
▒▒▒▒.......▒▒ ▒.<.......
▒▒........▒▒ ▒..▒......
▒..........▒ ▒...▒.....
▒▒........▒..▒ ▒...▒▒▒▒..


You could see a gnoll shaman and 4 gnolls.


Message History

You closely miss the gnoll. The gnoll hits you with a +0 club.
* * * LOW HITPOINT WARNING * * *
The gnoll closely misses you. The gnoll misses you.
The gnoll closely misses you.
Unknown command.
You closely miss the gnoll. The gnoll hits you with a +0 club!
* * * LOW HITPOINT WARNING * * *
The gnoll misses you. The gnoll closely misses you.
The gnoll hits you with a +0 flail!
* * * LOW HITPOINT WARNING * * *
Unknown command.
The gnoll hits you with a +0 club.
* * * LOW HITPOINT WARNING * * *
Unknown command.
Unknown command.
You slash the gnoll! You freeze the gnoll.
You punch the gnoll, but do no damage.
The gnoll is almost dead.
The gnoll hits you from afar with a +0 spear.
* * * LOW HITPOINT WARNING * * *
The gnoll hits you with a +0 club.
* * * LOW HITPOINT WARNING * * *
The gnoll misses you.
The gnoll hits you from afar with a +0 spear.
You die...

Action                   |  1- 3 |  4- 6 |  7- 9 || total
-------------------------+-------+-------+-------++-------
Melee: Long sword        |    51 |   112 |    73 ||   236
       Unarmed           |     2 |       |       ||     2
       Bite              |     2 |     7 |    12 ||    21
       Punch             |     1 |     8 |     3 ||    12
       Dagger            |       |     1 |     1 ||     2
 Cast: Poisonous Vapours |       |     1 |     3 ||     4
  Use: Potion            |       |       |     1 ||     1
 Stab: Sleeping          |     3 |     8 |     6 ||    17
Armor: Robe              |     8 |    17 |    10 ||    35
Dodge: Dodged            |    59 |    91 |    97 ||   247

Levels and vault maps discovered:
D:1:      scummos_arrival_hexagon, layout_basic, minmay_heptomino_o4
D:2:      layout_loops_cross, uniq_jessica
D:3:      layout_loops_ring, kennysheep_minor_cross, minmay_unequal,
          uniq_sigmund
D:4:      layout_rooms, gammafunk_ghost_nasty_kobolds
D:5:      layout_layer_cave, item_on_display_a

Notes
Turn   | Place    | Note
-------+----------+-------------------------------------------
     0 | D:1      | sanka the Gnoll Monk began the quest for the Orb.
     0 | D:1      | Reached XP level 1. HP: 23/23 MP: 1/1
   244 | D:1      | Reached XP level 2. HP: 26/29 MP: 2/2
   440 | D:1      | Reached XP level 3. HP: 35/35 MP: 3/3
   901 | D:2      | Noticed Jessica
   907 | D:2      | Killed Jessica
   908 | D:2      | Reached skill level 1 in Short Blades
   908 | D:2      | Reached skill level 1 in Long Blades
   908 | D:2      | Reached skill level 1 in Axes
   908 | D:2      | Reached skill level 1 in Maces & Flails
   908 | D:2      | Reached skill level 1 in Polearms
   908 | D:2      | Reached skill level 1 in Staves
   908 | D:2      | Reached skill level 1 in Slings
   908 | D:2      | Reached skill level 1 in Bows
   908 | D:2      | Reached skill level 1 in Crossbows
   908 | D:2      | Reached skill level 1 in Throwing
   908 | D:2      | Reached skill level 1 in Armour
   908 | D:2      | Reached skill level 1 in Shields
   908 | D:2      | Reached skill level 1 in Spellcasting
   908 | D:2      | Reached skill level 1 in Invocations
   908 | D:2      | Reached skill level 1 in Evocations
   908 | D:2      | Reached XP level 4. HP: 36/41 MP: 5/5
  1268 | D:2      | Learned a level 2 spell: Poisonous Vapours
  1832 | D:3      | Reached skill level 1 in Conjurations
  1832 | D:3      | Reached skill level 1 in Hexes
  1832 | D:3      | Reached skill level 1 in Summonings
  1832 | D:3      | Reached skill level 1 in Necromancy
  1832 | D:3      | Reached skill level 1 in Translocations
  1832 | D:3      | Reached skill level 1 in Transmutations
  1832 | D:3      | Reached skill level 1 in Fire Magic
  1832 | D:3      | Reached skill level 1 in Ice Magic
  1832 | D:3      | Reached skill level 1 in Air Magic
  1832 | D:3      | Reached skill level 1 in Earth Magic
  1832 | D:3      | Reached skill level 1 in Poison Magic
  2265 | D:3      | Reached XP level 5. HP: 43/47 MP: 6/6
  2357 | D:3      | Identified a +0 crystal plate armour
  2450 | D:3      | Noticed Sigmund
  2528 | D:3      | Killed Sigmund
  2529 | D:3      | Reached skill level 2 in Invocations
  2529 | D:3      | Reached XP level 6. HP: 39/53 MP: 8/8
  2818 | D:4      | Found a runed translucent gate.
  2818 | D:4      | Found a runed translucent gate.
  2818 | D:4      | Found a runed translucent gate.
  3033 | D:3      | Reached skill level 2 in Short Blades
  3033 | D:3      | Reached skill level 2 in Long Blades
  3033 | D:3      | Reached skill level 2 in Axes
  3033 | D:3      | Reached skill level 2 in Maces & Flails
  3033 | D:3      | Reached skill level 2 in Polearms
  3033 | D:3      | Reached skill level 2 in Staves
  3033 | D:3      | Reached skill level 2 in Slings
  3033 | D:3      | Reached skill level 2 in Bows
  3033 | D:3      | Reached skill level 2 in Crossbows
  3033 | D:3      | Reached skill level 2 in Throwing
  3033 | D:3      | Reached skill level 2 in Armour
  3033 | D:3      | Reached skill level 2 in Shields
  3033 | D:3      | Reached skill level 2 in Spellcasting
  3033 | D:3      | Reached skill level 2 in Evocations
  3732 | D:4      | Reached XP level 7. HP: 59/59 MP: 10/10
  3880 | D:4      | Noticed Ajdolov's ghost (amateur TeHu)
  4034 | D:5      | Entered Level 5 of the Dungeon
  4038 | D:5      | Reached skill level 7 in Fighting
  4038 | D:5      | Reached skill level 7 in Dodging
  4038 | D:5      | Reached skill level 7 in Unarmed Combat
  4170 | D:5      | Reached skill level 2 in Conjurations
  4170 | D:5      | Reached skill level 2 in Hexes
  4170 | D:5      | Reached skill level 2 in Summonings
  4170 | D:5      | Reached skill level 2 in Necromancy
  4170 | D:5      | Reached skill level 2 in Translocations
  4170 | D:5      | Reached skill level 2 in Transmutations
  4170 | D:5      | Reached skill level 2 in Fire Magic
  4170 | D:5      | Reached skill level 2 in Ice Magic
  4170 | D:5      | Reached skill level 2 in Air Magic
  4170 | D:5      | Reached skill level 2 in Earth Magic
  4170 | D:5      | Reached skill level 2 in Poison Magic
  4613 | D:5      | Reached skill level 5 in Stealth
  4627 | D:5      | Reached skill level 3 in Invocations
  4923 | D:5      | HP: 4/60 [gnoll/+0 flail (10)]
  4925 | D:5      | Slain by a gnoll

Vanquished Creatures
  Sigmund (D:3)
  An ogre (D:5)
  A centaur (D:5)
  A scorpion (D:4)
  An orc priest (D:3)
  5 iguanas
  Jessica (D:2)
  3 adders
  An ufetubus (D:3)
  4 worms
  13 orcs
  6 endoplasms
  4 giant cockroaches
  8 goblins
  6 hobgoblins
  7 jackals
  8 quokkas
  5 ball pythons
  4 bats
  A frilled lizard (D:1)
  7 kobolds
  2 rats
90 creatures vanquished.

Vanquished Creatures (others)
  2 fungi (D:4)
  2 plants (D:4)
4 creatures vanquished.

Grand Total: 94 creatures vanquished
